[Event "Swiss Championship U10 2022"]
[Site "Biel"]
[Date "2022.07.19"]
[Round "3.4"]
[White "Bhingare, Joshua"]
[Black "Rams, Vedha"]
[Result "1-0"]
[ECO "B22"]
[WhiteElo "1342"]
[BlackElo "1312"]
[Annotator "NA RC COMBH"]
[PlyCount "123"]
[EventDate "2022.07.18"]
[EventType "swiss"]
[EventCountry "SUI"]
[SourceTitle "playchess.com"]
[Source "ChessBase"]
[SourceQuality "1"]
[TimeControl "5400+30"]

1. e4 c5 2. Nf3 Nc6 3. c3 e5 4. Bb5 d6 5. d4 exd4 6. cxd4 a6 7. Bxc6+ bxc6 8. dxc5 Qa5+ 9. Qd2 Qxc5 10. Nc3 Nf6 11. h3 Be7 12. O-O h6 13. Qd4 O-O 14. Qxc5 dxc5 15. Bf4 Be6 16. Ne5 Bd6 17. Bh2 Rfc8 18. Rad1 Ne8 19. Nf3 Bxh2+ 20. Kxh2 Rab8 21. Rd2 Nf6 22. e5 Nd5 23. Ne4 Nf4 24. Nxc5 Bxa2 25. Nxa6 Bc4 26. Ra1 Ra8 27. Rd4 Rxa6 28. Rxa6 Bxa6 29. Rxf4 Rb8 30. b4 Be2 31. Nd4 g5 32. Nxc6 Rb6 33. Rf6 Kg7 34. Nd4 Rxb4 35. Nxe2 Re4 36. Ng3 Rxe5 37. Nh5+ Kh7 38. g4 Re7 39. Rd6 Re6 40. Rxe6 fxe6 41. f4 Kg6 42. fxg5 Kxg5 43. Kg3 e5 44. h4+ Kg6 45. Kf3 e4+ 46. Kxe4 Kh7 47. Kf5 Kh8 48. Kg6 Kg8 49. Kxh6 Kh8 50. g5 Kg8 51. g6 Kh8 52. g7+ Kg8 53. Nf6+ Kf7 54. g8=Q+ Kxf6 55. Qe8 Kf5 56. Kg7 Kg4 57. Qf7 Kg3 58. h5 Kg4 59. h6 Kh4 60. Qg6 Kh3 61. h7 Kh2 62. h8=Q# 1-0

[Event "Swiss Championship U10 2022"]
[Site "Biel"]
[Date "2022.07.19"]
[Round "3.5"]
[White "Gong, Yansheng"]
[Black "Sunilkumar, Prathyush"]
[Result "1-0"]
[ECO "B21"]
[WhiteElo "1285"]
[BlackElo "1336"]
[Annotator "NA RC COMBH"]
[PlyCount "52"]
[EventDate "2022.07.18"]
[EventType "swiss"]
[EventCountry "SUI"]
[SourceTitle "playchess.com"]
[Source "ChessBase"]
[SourceQuality "1"]
[TimeControl "5400+30"]

1. e4 c5 2. d4 cxd4 3. c3 dxc3 4. Nxc3 Nc6 5. Nf3 e6 6. Bc4 g6 7. O-O Bg7 8. Qe2 d6 9. Rd1 Nge7 10. Bf4 e5 11. Bg3 Bg4 12. Qe3 O-O 13. Nb5 Nc8 14. Bh4 Bf6 15. Bxf6 Qxf6 16. Nc7 Rb8 17. Nd5 Qd8 18. h3 Be6 19. Rac1 N8e7 20. Qh6 f6 21. Nxf6+ Kf7 22. Ng5+ Kxf6 23. Nxe6 Rg8 24. Qg5+ Kf7 25. Nxd8+ Ke8 26. Bxg8 Nxd8 1-0

[Event "Swiss Championship U10 2022"]
[Site "Biel"]
[Date "2022.07.19"]
[Round "3.6"]
[White "Bachmann, Elias"]
[Black "Lerner, David B"]
[Result "0-1"]
[ECO "D35"]
[WhiteElo "1319"]
[BlackElo "2125"]
[Annotator "TA"]
[PlyCount "74"]
[EventDate "2022.07.18"]
[EventType "swiss"]
[EventCountry "SUI"]
[SourceTitle "playchess.com"]
[Source "ChessBase"]
[SourceQuality "1"]
[TimeControl "5400+30"]

1. d4 d5 2. c4 e6 3. Nc3 Nf6 4. Bg5 Nbd7 5. cxd5 exd5 6. Nxd5 {[%emt 0:00:15] [#]} Nxd5 $1 7. Bxd8 {[%emt 0:00:09] D35: Queen's Gambit Declined: Exchange Variation.} Bb4+ {[%emt 0:00:12][%mdl 64] Zwischenzug} 8. Qd2 Kxd8 (8... Bxd2+ $2 {loses.} 9. Kxd2 Kxd8 10. e4 $19) 9. Qxb4 {[%emt 0:00:36] Black has a decisive advantage.} Nxb4 {[%emt 0:00:15] [#] Pair of Knights!} 10. Kd2 $146 {[%emt 0:01:51] Inhibits Nc2.} ({Predecessor:} 10. a3 Nc6 11. O-O-O Nf6 12. d5 Ne5 13. f4 Nc4 14. Nf3 Ne3 15. Rd3 Nxf1 16. Rxf1 {1-0 (42) Pillay,R (1341)-Shaker,M (1695) Chess.com INT 2021}) 10... Nf6 {[%emt 0:01:39] [#] Hoping for ...Ne4+.} 11. f3 {[%emt 0:00:40] Prevents Ne4+.} Ke7 {[%emt 0:01:45] ...Rd8 is the strong threat.} 12. a3 Nbd5 13. Rc1 c6 14. e4 Nc7 15. b4 (15. Bd3 $142) 15... a5 $19 16. Ne2 axb4 17. axb4 Rd8 {[%emt 0:01:24] Prevents d5.} 18. g3 Nb5 {[%emt 0:01:51] Strongly threatening ...Ra3.} 19. e5 Nd5 20. Rb1 Nb6 21. Ke3 Nc4+ 22. Kd3 Bf5+ 23. Kxc4 Bxb1 24. Bh3 Ba2+ 25. Kd3 Ra4 {[%emt 0:00:31] And now ...Ra3+ would win.} 26. Nc3 Nxc3 27. Kxc3 Bd5 28. Rf1 Ra3+ 29. Kb2 Rxf3 (29... Rda8 $142 30. Kc1 Bc4 31. Rd1 Be2 32. d5 Ra1+ 33. Kb2 Bxd1 34. d6+ Ke8 35. e6 fxe6 36. Bxe6 Bxf3 37. d7+ Ke7 38. d8=R Kxd8 39. Bf5 R8a2+ 40. Kb3 Ra3+ 41. Kc4 Kc7 42. Kd4 Kd6 43. Bc2 b6 44. h3 c5+ 45. bxc5+ bxc5+ 46. Kc4 Be2+ 47. Bd3 Bxd3#) 30. Ra1 Rf2+ 31. Kc3 Rxh2 32. Bf5 g6 33. Bd3 Rg2 34. Ra7 Rd7 35. Ra8 Rxg3 {[%emt 0:00:30] ( -> ...Be4)} 36. Rh8 h5 37. Rh7 Be4 {[%emt 0:01:59] Weighted Error Value: White=1.35/Black=0.61} 0-1

[Event "Swiss Championship U10 2022"]
[Site "Biel"]
[Date "2022.07.19"]
[Round "3.7"]
[White "Wilhelm, Marco"]
[Black "Gregor, Elena"]
[Result "0-1"]
[ECO "C65"]
[WhiteElo "1332"]
[BlackElo "1258"]
[Annotator "NA RC COMBH"]
[PlyCount "55"]
[EventDate "2022.07.18"]
[EventType "swiss"]
[EventCountry "SUI"]
[SourceTitle "playchess.com"]
[Source "ChessBase"]
[SourceQuality "1"]
[TimeControl "5400+30"]

1. e4 e5 2. Nf3 Nc6 3. Bb5 Bc5 4. d3 Nf6 5. h3 a6 6. Ba4 b5 7. Bb3 a5 8. c3 d6 9. O-O h6 10. Re1 g5 11. Nbd2 g4 12. hxg4 Bxg4 13. Nf1 b4 14. N1h2 Rg8 15. Be3 h5 16. Bg5 Rxg5 17. Bxf7+ Ke7 18. d4 exd4 19. Qa4 Rg7 20. Bd5 Qh8 21. Bxc6 Rag8 22. e5 Bxf3 23. Bxf3 Rxg2+ 24. Bxg2 Qg7 25. Qc6 Nd7 26. exd6+ Kf7 27. Qf3+ Nf6 28. Re7+ 0-1

[Event "Swiss Championship U10 2022"]
[Site "Biel"]
[Date "2022.07.19"]
[Round "3.8"]
[White "Cavadini, Tommaso"]
[Black "Parmelin, Axel"]
[Result "1-0"]
[ECO "C02"]
[WhiteElo "1290"]
[BlackElo "1298"]
[Annotator "NA RC COMBH"]
[PlyCount "53"]
[EventDate "2022.07.18"]
[EventType "swiss"]
[EventCountry "SUI"]
[SourceTitle "playchess.com"]
[Source "ChessBase"]
[SourceQuality "1"]
[TimeControl "5400+30"]

1. e4 e6 2. d4 d5 3. e5 c5 4. c3 Qb6 5. Nf3 Nc6 6. Bd3 Bd7 7. O-O cxd4 8. cxd4 Nxd4 9. Nxd4 Qxd4 10. Qe2 f6 11. exf6 Nxf6 12. Nc3 Qb6 13. Bg5 Bd6 14. Bxf6 gxf6 15. Nxd5 Qc6 16. Nxf6+ Ke7 17. Nxd7 Kxd7 18. Bb5 Rhg8 19. Bxc6+ bxc6 20. g3 h6 21. Qd2 h5 22. Rfd1 Kc7 23. Qxd6+ Kb6 24. Rac1 Rac8 25. Rd3 Rg5 26. Rb3+ Ka5 27. Qa3# 1-0

[Event "Swiss Championship U10 2022"]
[Site "Biel"]
[Date "2022.07.19"]
[Round "4.1"]
[White "Kumar, Shreyank"]
[Black "Domschke, Mischa"]
[Result "0-1"]
[ECO "D20"]
[WhiteElo "1404"]
[BlackElo "1565"]
[Annotator "NA RC COMBH"]
[PlyCount "80"]
[EventDate "2022.07.18"]
[EventType "swiss"]
[EventCountry "SUI"]
[SourceTitle "playchess.com"]
[Source "ChessBase"]
[SourceQuality "1"]
[TimeControl "5400+30"]

1. e4 e6 2. d4 d5 3. exd5 exd5 4. c4 dxc4 5. Bxc4 Nf6 6. Bg5 Be7 7. Nf3 O-O 8. h3 Bf5 9. O-O Nbd7 10. Bd3 Bxd3 11. Qxd3 c6 12. Re1 Nc5 13. Qe2 Ne6 14. Nc3 Qc7 15. Bxf6 Bxf6 16. Qe3 Rfe8 17. Rab1 Qd7 18. Rbd1 Nxd4 19. Rxd4 Bxd4 20. Qd2 Rxe1+ 21. Nxe1 Rd8 22. Nf3 Bxc3 23. Qxc3 f6 24. Qb3+ Qf7 25. Qa3 b6 26. Qa4 c5 27. a3 Qb7 28. Qg4 Qd7 29. Qc4+ Qd5 30. Qa6 Qd1+ 31. Kh2 Qd6+ 32. Kg1 Qc7 33. Qc4+ Kf8 34. g3 Qc6 35. Kg2 b5 36. Qc3 c4 37. Qa5 Rd3 38. Qb4+ Kf7 39. Qe1 Qxf3+ 40. Kh2 Rd1 0-1

[Event "Swiss Championship U10 2022"]
[Site "Biel"]
[Date "2022.07.19"]
[Round "4.2"]
[White "Saminskij, Jan"]
[Black "Gong, Yansheng"]
[Result "1-0"]
[ECO "D07"]
[WhiteElo "1487"]
[BlackElo "1285"]
[Annotator "NA RC COMBH"]
[PlyCount "33"]
[EventDate "2022.07.18"]
[EventType "swiss"]
[EventCountry "SUI"]
[SourceTitle "playchess.com"]
[Source "ChessBase"]
[SourceQuality "1"]
[TimeControl "5400+30"]

1. Nf3 Nc6 2. d4 d5 3. Bf4 Nf6 4. c4 e6 5. Nc3 Be7 6. Ne5 O-O 7. Nxc6 bxc6 8. g3 Bb7 9. c5 Qd7 10. Bg2 Ba6 11. O-O Rab8 12. Qa4 Bb5 13. Qxa7 Qe8 14. Qxc7 Ra8 15. a4 Bd8 16. Qb7 Ba5 17. axb5 1-0

[Event "Swiss Championship U10 2022"]
[Site "Biel"]
[Date "2022.07.19"]
[Round "4.3"]
[White "Pahud, Kylian"]
[Black "Chockalingam, Vishak"]
[Result "0-1"]
[ECO "B13"]
[WhiteElo "1373"]
[BlackElo "1285"]
[Annotator "NA RC COMBH"]
[PlyCount "120"]
[EventDate "2022.07.18"]
[EventType "swiss"]
[EventCountry "SUI"]
[SourceTitle "playchess.com"]
[Source "ChessBase"]
[SourceQuality "1"]
[TimeControl "5400+30"]

1. e4 c6 2. d4 d5 3. exd5 cxd5 4. Bd3 Nf6 5. Bf4 Nc6 6. c3 Bg4 7. Nf3 e6 8. Nbd2 Bd6 9. Bg3 O-O 10. O-O Qc7 11. Qc2 h6 12. Rae1 Rac8 13. Qb1 Bxf3 14. Nxf3 a6 15. Ne5 Bxe5 16. dxe5 Nd7 17. f4 Nc5 18. Bc2 b5 19. b4 Nd7 20. Rc1 Nb6 21. Bd3 Nc4 22. Rfe1 a5 23. Re2 Ne7 24. h3 Rfe8 25. Bh2 Qb6+ 26. Kh1 Nf5 27. g4 Ne7 28. Bg1 Qc7 29. Bc5 Nc6 30. Rg1 g5 31. Bh7+ Kg7 32. fxg5 hxg5 33. h4 Rh8 34. Bd3 Rxh4+ 35. Rh2 Rxh2+ 36. Kxh2 Qxe5+ 37. Kg2 Qxc3 38. bxa5 Qd2+ 39. Kg3 Qf4+ 40. Kg2 Rh8 41. Rh1 Qxg4+ 42. Kf2 Qf4+ 43. Ke2 Rh2+ 44. Rxh2 Qxh2+ 45. Ke1 Qd2+ 46. Kf1 N6xa5 47. Kg1 Ne3 48. Qa1+ f6 49. Bf8+ Kf7 50. Bf1 Nxf1 51. Kxf1 Qf4+ 52. Kg1 Kxf8 53. a4 bxa4 54. Qa3+ Kf7 55. Qc5 Nc4 56. Qa7+ Kg6 57. Qxa4 Ne3 58. Qe8+ Kf5 59. Qf7 Qf1+ 60. Kh2 Qg2# 0-1

[Event "Swiss Championship U10 2022"]
[Site "Biel"]
[Date "2022.07.19"]
[Round "4.4"]
[White "Lerner, David B"]
[Black "Bhingare, Joshua"]
[Result "0-1"]
[ECO "B72"]
[WhiteElo "2125"]
[BlackElo "1342"]
[Annotator "TA"]
[PlyCount "54"]
[EventDate "2022.07.18"]
[EventType "swiss"]
[EventCountry "SUI"]
[SourceTitle "playchess.com"]
[Source "ChessBase"]
[SourceQuality "1"]
[TimeControl "5400+30"]

1. e4 c5 2. Nf3 d6 3. d4 cxd4 4. Nxd4 Nf6 5. Nc3 g6 6. Be3 Bg7 7. Be2 Nc6 8. Nb3 {[%emt 0:00:39] 8.Qd2 is becoming the main line.} O-O 9. Qd2 Re8 {[%emt 0:01:00] B72: Sicilian Dragon: 6 Be3, lines with h3+Bc4 and sidelines.} 10. f4 {[%emt 0:00:34] [#]} (10. f3 $14 {feels stronger.}) 10... e5 $146 ({Predecessor:} 10... Bg4 11. O-O-O a6 12. h3 Bxe2 13. Qxe2 Nh5 14. Qc4 Rc8 15. g4 b5 16. Qd5 Nb4 17. Qd2 Rxc3 18. bxc3 Nxa2+ {0-1 (26) Hutois,C (1480)-Naigelblat,M (1710) Avoine 2006}) 11. g4 $2 (11. fxe5 $11 Nxe5 12. O-O) 11... Nxg4 {[%emt 0:01:05] Threatens to win with ...Qh4+. Black has a decisive advantage.} 12. Bxg4 Bxg4 13. Qg2 (13. f5 $142) 13... exf4 $19 14. Bxf4 Bd7 (14... Qh4+ $19 {and Black stays clearly on top.} 15. Kd2 Ne5) 15. O-O-O $17 Ne5 16. h4 {[%emt 0:01:22] [#]} (16. Rxd6 $17 Nc4 17. Rd3) 16... Bg4 $2 {[%emt 0:06:06] This bishop pair is nice.} (16... Nc4 $1 $19 {[%cal Oc4b2] ...Nxb2! is the strong threat.} 17. h5 Bxc3 18. bxc3 Qf6) 17. Bxe5 $16 {[%emt 0:00:08][%mdl 64] Pin} Bxd1 (17... Bh6+ $16 18. Rd2 dxe5) 18. Bxg7 $18 Bxc2 {[%emt 0:01:32] [#]} (18... Kxg7 {was necessary.} 19. Kxd1 (19. Rxd1 Qxh4 20. Nd4 Kh8 $18) 19... Rc8) 19. Bd4 $1 Bxb3 20. axb3 Qa5 (20... Rc8 $142 21. Kb1 Rxc3 22. Bxc3 (22. bxc3 Qe7 $18) 22... Qe7) 21. h5 Re6 (21... Rac8 22. Qf3 Qg5+ 23. Kb1 Rxc3 24. bxc3 Qe7) 22. hxg6 Rxg6 23. Qh3 h6 24. Qe3 (24. Nd5 $18) 24... Qa1+ $19 25. Nb1 Rc8+ 26. Kd2 Rg2+ 27. Kd3 Qa6# {[%emt 0:00:18] Weighted Error Value: White=1.48/Black=0.97} 0-1

[Event "Swiss Championship U10 2022"]
[Site "Biel"]
[Date "2022.07.19"]
[Round "4.5"]
[White "Jordan, Christina"]
[Black "Wilhelm, Marco"]
[Result "1-0"]
[ECO "C11"]
[WhiteElo "1367"]
[BlackElo "1332"]
[Annotator "NA RC COMBH"]
[PlyCount "99"]
[EventDate "2022.07.18"]
[EventType "swiss"]
[EventCountry "SUI"]
[SourceTitle "playchess.com"]
[Source "ChessBase"]
[SourceQuality "1"]
[TimeControl "5400+30"]

1. e4 e6 2. d4 d5 3. Nc3 Nf6 4. e5 Nfd7 5. Nf3 c5 6. Be3 Qb6 7. Na4 Qc7 8. Nc3 Nc6 9. Bb5 a6 10. Bxc6 Qxc6 11. O-O Be7 12. Qd3 O-O 13. Bg5 Re8 14. Bxe7 Rxe7 15. Ng5 Nf8 16. f4 h6 17. Nf3 cxd4 18. Nxd4 Qb6 19. b3 Bd7 20. f5 exf5 21. Nxd5 Qd8 22. Nxe7+ Qxe7 23. Nxf5 Qc5+ 24. Kh1 Qxe5 25. Rae1 Qc5 26. Nd6 Be6 27. Ne4 Qc6 28. c4 a5 29. Qg3 Rd8 30. Nf6+ Kh8 31. Nh5 Ng6 32. Qc3 f6 33. Nxf6 Nh4 34. Rg1 Bd5 35. Nxd5 Rxd5 36. Qg3 Rd4 37. Qe3 Rd8 38. Qe7 Rd4 39. Qe8+ Qxe8 40. Rxe8+ Kh7 41. Rb8 Rd7 42. Ra8 b6 43. Ra6 Rd6 44. c5 Rd2 45. cxb6 Rd6 46. Rxa5 Rxb6 47. h3 Nf5 48. Rxf5 Ra6 49. Ra1 Kg6 50. Rff1 1-0

[Event "Swiss Championship U10 2022"]
[Site "Biel"]
[Date "2022.07.19"]
[Round "4.6"]
[White "Sunilkumar, Prathyush"]
[Black "Bachmann, Elias"]
[Result "0-1"]
[ECO "D00"]
[WhiteElo "1336"]
[BlackElo "1319"]
[Annotator "NA RC COMBH"]
[PlyCount "72"]
[EventDate "2022.07.18"]
[EventType "swiss"]
[EventCountry "SUI"]
[SourceTitle "playchess.com"]
[Source "ChessBase"]
[SourceQuality "1"]
[TimeControl "5400+30"]

1. d4 d5 2. e4 dxe4 3. Nc3 Nf6 4. f3 Bf5 5. Bc4 Nc6 6. d5 Ne5 7. Bb3 e6 8. Bg5 exd5 9. Nxd5 Be7 10. Bxf6 Bxf6 11. g4 Nxf3+ 12. Nxf3 Bxg4 13. Rg1 Bxf3 14. Qd2 Qd6 15. Kf1 O-O-O 16. Qf2 Rhe8 17. a4 c6 18. Nxf6 Qxf6 19. a5 a6 20. Re1 Qf4 21. Qg3 Qh6 22. Bxf7 Rf8 23. Qxg7 Qxg7 24. Rxg7 Rd7 25. Be6 Bg4+ 26. Kg2 Bxe6 27. Rg3 Rd2+ 28. Kh1 Bd5 29. Rge3 Rxc2 30. R3e2 e3+ 31. Kg1 Rg8+ 32. Kf1 Bg2+ 33. Kg1 Bf3+ 34. Kf1 Bxe2+ 35. Rxe2 Rf8+ 36. Ke1 Rc1# 0-1

[Event "Swiss Championship U10 2022"]
[Site "Biel"]
[Date "2022.07.19"]
[Round "4.7"]
[White "Rams, Vedha"]
[Black "Cavadini, Tommaso"]
[Result "1/2-1/2"]
[ECO "C50"]
[WhiteElo "1312"]
[BlackElo "1290"]
[Annotator "NA RC COMBH"]
[PlyCount "93"]
[EventDate "2022.07.18"]
[EventType "swiss"]
[EventCountry "SUI"]
[SourceTitle "playchess.com"]
[Source "ChessBase"]
[SourceQuality "1"]
[TimeControl "5400+30"]

1. e4 e5 2. Nf3 Nc6 3. Bc4 Bc5 4. Nc3 Nf6 5. d3 h6 6. h3 d6 7. Be3 Bb4 8. Qd2 Be6 9. Bb5 a6 10. Bxc6+ bxc6 11. a3 Ba5 12. b4 Bb6 13. Bxb6 cxb6 14. d4 exd4 15. Nxd4 c5 16. Nf5 O-O 17. O-O Nxe4 18. Nxe4 Bxf5 19. Nxd6 Qd7 20. Rfd1 Rad8 21. Nc4 Qxd2 22. Rxd2 Rxd2 23. Nxd2 cxb4 24. axb4 Ra8 25. c3 a5 26. bxa5 Rxa5 27. Rxa5 bxa5 28. Nc4 a4 29. Na3 Kf8 30. Kf1 Ke7 31. Ke2 Kd6 32. g4 Be6 33. Kd3 Kd5 34. c4+ Kc5 35. Kc3 h5 36. f3 Bd7 37. Nc2 Bc6 38. f4 Bd7 39. f5 g6 40. Ne3 hxg4 41. hxg4 gxf5 42. gxf5 a3 43. Kb3 a2 44. Kxa2 Bxf5 45. Nxf5 Kxc4 46. Nd6+ Kd5 47. Nxf7 1/2-1/2

[Event "Swiss Championship U10 2022"]
[Site "Biel"]
[Date "2022.07.19"]
[Round "4.8"]
[White "Gregor, Elena"]
[Black "Parmelin, Axel"]
[Result "0-1"]
[ECO "C11"]
[WhiteElo "1258"]
[BlackElo "1298"]
[Annotator "NA RC COMBH"]
[PlyCount "48"]
[EventDate "2022.07.18"]
[EventType "swiss"]
[EventCountry "SUI"]
[SourceTitle "playchess.com"]
[Source "ChessBase"]
[SourceQuality "1"]
[TimeControl "5400+30"]

1. e4 e6 2. d4 d5 3. Nc3 Nf6 4. e5 Nfd7 5. Nf3 c5 6. Bb5 a6 7. Ba4 b5 8. dxc5 bxa4 9. Nxa4 Bxc5 10. Nxc5 Nxc5 11. Bg5 Qc7 12. Qd4 O-O 13. Qg4 Kh8 14. Qh4 h6 15. Bxh6 Kg8 16. Qg5 f6 17. Qg6 Rf7 18. exf6 Rxf6 19. Qe8+ Kh7 20. Bg5 Rg6 21. Bf4 Qxf4 22. Qxc8 Rxg2 23. Rg1 Qxf3 24. Kf1 Qxf2# 0-1

[Event "Swiss Championship U10 2022"]
[Site "Biel"]
[Date "2022.07.20"]
[Round "5.1"]
[White "Chockalingam, Vishak"]
[Black "Saminskij, Jan"]
[Result "1-0"]
[ECO "D02"]
[WhiteElo "1285"]
[BlackElo "1487"]
[Annotator "NA RC COMBH"]
[PlyCount "49"]
[EventDate "2022.07.18"]
[EventType "swiss"]
[EventCountry "SUI"]
[SourceTitle "playchess.com"]
[Source "ChessBase"]
[SourceQuality "1"]
[TimeControl "5400+30"]

1. d4 Nf6 2. Nf3 e6 3. Bf4 d5 4. e3 b6 5. Nbd2 Bb7 6. c4 Bd6 7. Bg3 Bxg3 8. hxg3 c6 9. Qc2 Na6 10. a3 h6 11. Bd3 Nc7 12. b4 Qe7 13. c5 Kf8 14. Ne5 Nd7 15. Nxc6 Bxc6 16. cxb6 axb6 17. Qxc6 Rc8 18. Qc2 e5 19. Ba6 Ra8 20. Qxc7 exd4 21. O-O dxe3 22. Nf3 exf2+ 23. Rxf2 Qf6 24. Raf1 Rd8 25. Ne5 1-0

[Event "Swiss Championship U10 2022"]
[Site "Biel"]
[Date "2022.07.20"]
[Round "5.2"]
[White "Bhingare, Joshua"]
[Black "Domschke, Mischa"]
[Result "0-1"]
[ECO "D20"]
[WhiteElo "1342"]
[BlackElo "1565"]
[Annotator "NA RC COMBH"]
[PlyCount "112"]
[EventDate "2022.07.18"]
[EventType "swiss"]
[EventCountry "SUI"]
[SourceTitle "playchess.com"]
[Source "ChessBase"]
[SourceQuality "1"]
[TimeControl "5400+30"]

1. e4 e6 2. d4 d5 3. exd5 exd5 4. c4 dxc4 5. Bxc4 Nf6 6. Nf3 Be7 7. h3 Bf5 8. Qb3 O-O 9. O-O Nc6 10. Ne5 Nxe5 11. dxe5 Ne4 12. e6 f6 13. Nc3 Nc5 14. Qb5 b6 15. b4 a6 16. Qc6 Qd4 17. Nd5 Bd6 18. e7 Qxc4 19. exf8=Q+ Rxf8 20. bxc5 bxc5 21. Ne3 Qd3 22. Qd5+ Qxd5 23. Nxd5 Re8 24. Bf4 Re2 25. Bxd6 cxd6 26. Rfe1 Bd3 27. Rxe2 Bxe2 28. Ne7+ Kf7 29. Kh2 Kxe7 30. Re1 d5 31. Rxe2+ Kd6 32. Kg3 d4 33. Kf4 Kd5 34. Re8 g5+ 35. Kf3 f5 36. Rd8+ Kc4 37. Ke2 Kc3 38. g4 f4 39. f3 c4 40. Kd1 Kd3 41. Re8 Kc3 42. Rb8 Kd3 43. Rb2 Ke3 44. Kc2 Kxf3 45. Rb4 Ke2 46. Rxc4 d3+ 47. Kc3 f3 48. Re4+ Kd1 49. Re3 f2 50. Rf3 Ke2 51. Rxf2+ Kxf2 52. Kxd3 Kg3 53. Kc4 Kxh3 54. Kb4 Kxg4 55. Ka5 Kf3 56. Kxa6 g4 0-1

[Event "Swiss Championship U10 2022"]
[Site "Biel"]
[Date "2022.07.20"]
[Round "5.3"]
[White "Kumar, Shreyank"]
[Black "Jordan, Christina"]
[Result "1-0"]
[ECO "C44"]
[WhiteElo "1404"]
[BlackElo "1367"]
[Annotator "NA RC COMBH"]
[PlyCount "119"]
[EventDate "2022.07.18"]
[EventType "swiss"]
[EventCountry "SUI"]
[SourceTitle "playchess.com"]
[Source "ChessBase"]
[SourceQuality "1"]
[TimeControl "5400+30"]

1. e4 e5 2. Nf3 Nc6 3. c3 Nf6 4. d4 exd4 5. e5 Nd5 6. cxd4 d6 7. Bb5 Bd7 8. O-O a6 9. Ba4 Be7 10. Bb3 Nb6 11. exd6 Bxd6 12. Re1+ Ne7 13. Bg5 O-O 14. Nc3 Re8 15. Nd5 Nbxd5 16. Bxd5 c6 17. Bb3 Bg4 18. Re3 Qc7 19. h3 Bh5 20. Qe2 Kh8 21. Bxe7 Rxe7 22. Rxe7 Qxe7 23. Qxe7 Bxe7 24. Re1 Bf6 25. Ne5 Kg8 26. f4 Rd8 27. g4 Bxe5 28. Rxe5 Bg6 29. f5 Kf8 30. fxg6 hxg6 31. Re4 b5 32. a4 Rb8 33. Re2 f5 34. Rf2 Ke7 35. g5 Kd6 36. Re2 bxa4 37. Bxa4 Rb4 38. b3 Rxd4 39. Rc2 c5 40. Kf2 Rh4 41. Kg3 Rd4 42. Re2 f4+ 43. Kg4 c4 44. bxc4 Rxc4 45. Rd2+ Ke7 46. Rd7+ Ke6 47. Bb3 Kxd7 48. Bxc4 a5 49. Kxf4 Kd6 50. Bb3 Ke7 51. Ke5 Kd7 52. Bf7 a4 53. Bxg6 a3 54. Bb1 Ke7 55. Ba2 g6 56. Bb3 Kf8 57. Kf6 Ke8 58. Kxg6 Kf8 59. Kh7 Ke7 60. g6 1-0

[Event "Swiss Championship U10 2022"]
[Site "Biel"]
[Date "2022.07.20"]
[Round "5.4"]
[White "Bachmann, Elias"]
[Black "Pahud, Kylian"]
[Result "0-1"]
[ECO "D35"]
[WhiteElo "1319"]
[BlackElo "1373"]
[Annotator "NA RC COMBH"]
[PlyCount "168"]
[EventDate "2022.07.18"]
[EventType "swiss"]
[EventCountry "SUI"]
[SourceTitle "playchess.com"]
[Source "ChessBase"]
[SourceQuality "1"]
[TimeControl "5400+30"]

1. d4 d5 2. c4 e6 3. Nc3 Nf6 4. cxd5 exd5 5. Bg5 Nbd7 6. Nf3 c6 7. e3 h6 8. Bh4 Be7 9. Bd3 O-O 10. O-O Re8 11. Rc1 Ne4 12. Bxe7 Qxe7 13. Qc2 Ndf6 14. Ne5 a6 15. Rfe1 Qe6 16. h3 b6 17. Nxe4 dxe4 18. Bxe4 Nxe4 19. Qxe4 f6 20. Qxc6 Qxc6 21. Nxc6 Bb7 22. Nb4 Rac8 23. Kh2 a5 24. Nd3 Ba6 25. Rxc8 Rxc8 26. Rc1 Rxc1 27. Nxc1 Kf7 28. Kg3 Ke6 29. Kf4 Bf1 30. Kf3 Bc4 31. b3 Ba6 32. Ne2 g5 33. Nc3 f5 34. g3 Bf1 35. h4 g4+ 36. Kf4 Ba6 37. e4 fxe4 38. Kxe4 Bc8 39. Nb5 Bd7 40. d5+ Ke7 41. a4 h5 42. Ke5 Be8 43. Nd6 Bd7 44. Nf5+ Kf7 45. d6 Kg6 46. Ne7+ Kf7 47. Nd5 Be6 48. Nxb6 Bxb3 49. d7 Ke7 50. Kf5 Bf7 51. Kf4 Bb3 52. f3 gxf3 53. Kxf3 Bf7 54. Ke4 Kd8 55. Kf5 Bb3 56. Kg5 Bd1 57. Kf6 Bg4 58. Ke5 Bd1 59. Ke6 Bb3+ 60. Ke5 Bd1 61. Kd5 Bc2 62. Kc5 Bd3 63. Kc6 Be2 64. Na8 Bf3+ 65. Kb5 Bxa8 66. Kxa5 Kxd7 67. Kb4 Kc6 68. Kc4 Kb6 69. Kd4 Ka5 70. Ke5 Bf3 71. Kf4 Bg4 72. Ke3 Kxa4 73. Kf2 Kb3 74. Kg2 Kc3 75. Kg1 Kd2 76. Kf2 Kd3 77. Kg1 Ke3 78. Kg2 Ke2 79. Kg1 Kf3 80. Kh2 Kf2 81. Kh1 Bf3+ 82. Kh2 Bg2 83. g4 hxg4 84. h5 g3# 0-1

[Event "Swiss Championship U10 2022"]
[Site "Biel"]
[Date "2022.07.20"]
[Round "5.5"]
[White "Gong, Yansheng"]
[Black "Rams, Vedha"]
[Result "0-1"]
[ECO "B01"]
[WhiteElo "1285"]
[BlackElo "1312"]
[Annotator "NA RC COMBH"]
[PlyCount "56"]
[EventDate "2022.07.18"]
[EventType "swiss"]
[EventCountry "SUI"]
[SourceTitle "playchess.com"]
[Source "ChessBase"]
[SourceQuality "1"]
[TimeControl "5400+30"]

1. e4 d5 2. exd5 Qxd5 3. Nc3 Qd8 4. d4 Bf5 5. Nf3 e6 6. Bc4 Nf6 7. h3 h6 8. Bf4 Bb4 9. Bd2 a6 10. O-O O-O 11. a3 Ba5 12. b4 Bb6 13. Be3 Nc6 14. Re1 Re8 15. Bd3 Bxd4 16. Nxd4 Nxd4 17. Bxf5 Nxf5 18. Qe2 Qd6 19. Bc5 Qc6 20. Ne4 e5 21. Qf3 Nh4 22. Nxf6+ Qxf6 23. Qxb7 Qg6 24. Rxe5 c6 25. Rxe8+ Rxe8 26. g3 Nf3+ 27. Kg2 Qe4 28. Qxa6 Nh4+ 0-1

[Event "Swiss Championship U10 2022"]
[Site "Biel"]
[Date "2022.07.20"]
[Round "5.6"]
[White "Cavadini, Tommaso"]
[Black "Lerner, David B"]
[Result "0-1"]
[ECO "B28"]
[WhiteElo "1290"]
[BlackElo "2125"]
[Annotator "TA"]
[PlyCount "50"]
[EventDate "2022.07.18"]
[EventType "swiss"]
[EventCountry "SUI"]
[SourceTitle "playchess.com"]
[Source "ChessBase"]
[SourceQuality "1"]
[TimeControl "5400+30"]

1. e4 c5 2. Nf3 a6 3. c3 e6 4. d4 d5 5. e5 Bd7 6. Bd3 cxd4 {[%emt 0:00:17] B28: Sicilian: 2 Nf3 a6 (O'Kelly Variation).} 7. cxd4 Bb5 8. Bxb5+ axb5 {[%emt 0:00:27] The position is equal.} 9. O-O {[%emt 0:00:53] [#]} Qb6 $146 ({Predecessor:} 9... b4 10. Nbd2 Ne7 11. Nb3 Nec6 12. Ne1 Nd7 13. f4 g6 14. Nf3 Be7 15. Be3 h5 {1-0 (36) Katz,A (2401)-Izoria,Z (2602) Chess.com INT 2021}) 10. Be3 Ne7 11. Qd3 Nf5 (11... b4 $11 {remains equal.}) 12. Nc3 $16 b4 {[%emt 0:03:59] [#]} (12... Nxe3 $142 13. fxe3 Be7) 13. Qb5+ $2 (13. Nxd5 $1 $16 exd5 14. Qxf5) 13... Nd7 $15 14. Qxb6 Nxb6 15. Nb5 {[%emt 0:00:30] Strongly threatening Nc7+.} Ra5 $36 {[%emt 0:01:23][%mdl 2048] Black has the initiative.} 16. Nd6+ {[%emt 0:00:56] This move loses the game for White.} (16. a4 $1 $15 bxa3 17. Nxa3) 16... Nxd6 $19 ({Stronger than} 16... Bxd6 17. exd6 Nxe3 18. fxe3 $17) 17. exd6 Bxd6 18. Rfc1 O-O 19. Ne5 (19. b3 {was necessary.}) 19... Rfa8 20. b3 Rxa2 21. Rxa2 Rxa2 22. Nc6 $2 {[%emt 0:02:52] [#]} (22. Nd3) 22... bxc6 {[%emt 0:02:13] Black is clearly winning.} 23. Rxc6 Ra1+ 24. Rc1 Rxc1+ 25. Bxc1 e5 {[%emt 0:00:53] Weighted Error Value: White=0.65/Black=0.17 (very precise)} 0-1